Map: Acropolis LE

Players

DisK - Winner!

  • Race: Protoss Protoss
  • Spawn Location: 11:00

Trumpet

  • Race: Protoss Protoss
  • Spawn Location: 5:00

VOD

Have the link to the VOD?

Description

Time

  • Played on: Sept. 6, 2019, 1:11 p.m.
  • Length: 7:56
Show
View Real Time Build Order
Export as new Build Order

DisK Protoss - Winner!

Build Orders: Phoenix Opening, Zealot Archon, Archon Drop 

Get SALT Encoding   

  12  0:00  Probe  
  13  0:12  Probe  
  14  0:17  Pylon  
  14  0:24  Probe  
  15  0:32  Probe  
  15  0:35  Gateway  
  15  0:40  Probe  
  16  0:46  Assimilator  
  17  0:51  Probe  
  17  0:56  Assimilator  
  18  1:01  Probe  
  19  1:08  Gateway  
  19  1:09  Probe  
  19  1:17  Probe  
  21  1:25  Cybernetics Core  
  21  1:30  Probe  
  22  1:37  Pylon  
  22  1:43  Probe  
  23  1:56  Probe  
  24  2:01  Adept  
  24  2:02  Adept  
  24  2:03  Warp Gate  
  28  2:12  Pylon  
  28  2:13  Probe  
  29  2:25  Pylon  
  29  2:34  Stalker  
  31  2:48  Nexus  
  31  2:54  Shield Battery  
  31  2:56  Sentry  
  33  3:05  Probe, Sentry  
  36  3:15  Robotics Facility  
  36  3:23  Probe  
  37  3:31  Probe  
  35  3:36  Pylon  
  35  3:40  Probe  
  37  3:51  Forge, Stalker  
  37  3:55  Probe, Sentry  
  42  3:58  Shield Battery, Phoenix  
  42  4:01  Probe  
  42  4:04  Probe  
  44  4:10  Probe  
  44  4:14  Probe  
  43  4:18  Probe  
  43  4:21  Protoss Ground Weapons Level 1  
  43  4:22  Immortal  
  49  4:24  Probe  
  49  4:26  Probe  
  49  4:31  Phoenix  
  51  4:34  Probe  
  51  4:36  Probe  
  53  4:44  Twilight Council, Assimilator  
  53  4:46  Assimilator  
  53  4:47  Probe  
  54  4:59  Zealot x2  
  58  5:00  Probe  
  58  5:02  Pylon  
  59  5:16  Gateway  
  59  5:17  Gateway  
  59  5:21  Templar Archives, Charge  
  59  5:24  Probe  
  60  5:28  Observer, Probe  
  60  5:33  Pylon  
  62  5:36  Probe  
  62  5:40  Pylon, Probe  
  64  5:48  Gateway  
  64  5:49  Gateway  
  64  5:52  Warp Prism  
  66  6:01  Gateway  
  66  6:05  Gateway  
  66  6:08  High Templar x2  
  66  6:10  High Templar  
  72  6:11  High Templar  
  72  6:12  Archon  
  72  6:15  Archon  
  72  6:16  Pylon  
  74  6:20  Pylon  
  74  6:28  Pylon  
  74  6:33  Pylon  
  74  6:56  Zealot x7  
  80  7:16  High Templar  
  80  7:17  Zealot, High Templar x3  
  80  7:18  Zealot x3  
  80  7:21  Archon x2  
  96  7:29  Nexus  
  86  7:45  Zealot  
  86  7:46  Zealot x2  
  86  7:47  Zealot  
  78  7:56  Zealot  
Show
View Real Time Build Order
Export as new Build Order

Trumpet Protoss 

Build Orders: Zealot Archon 

Get SALT Encoding   

  12  0:00  Probe  
  13  0:13  Probe  
  14  0:17  Pylon  
  14  0:22  Probe  
  15  0:31  Probe  
  16  0:37  Gateway  
  16  0:40  Probe  
  16  0:46  Assimilator  
  17  0:53  Probe  
  17  0:55  Assimilator  
  18  1:05  Probe  
  19  1:15  Gateway  
  19  1:17  Probe  
  20  1:24  Cybernetics Core  
  20  1:29  Probe  
  21  1:33  Pylon  
  21  1:41  Probe  
  22  1:53  Warp Gate, Probe  
  23  1:56  Sentry  
  23  2:02  Stalker  
  23  2:06  Probe  
  28  2:10  Pylon  
  28  2:36  Nexus  
  27  2:48  Robotics Facility  
  27  2:53  Stalker  
  29  3:06  Shield Battery  
  29  3:13  Stalker  
  29  3:17  Shield Battery  
  29  3:31  Shield Battery  
  29  3:35  Forge  
  29  3:47  Probe x2  
  29  3:52  Shield Battery  
  31  4:01  Shield Battery  
  31  4:02  Protoss Ground Weapons Level 1  
  31  4:04  Probe  
  31  4:05  Immortal, Probe  
  38  4:17  Probe  
  38  4:21  Probe  
  39  4:28  Pylon  
  39  4:29  Probe  
  39  4:30  Sentry x2  
  44  4:33  Probe  
  45  4:41  Probe  
  45  4:45  Probe  
  47  4:46  Immortal  
  51  4:53  Probe  
  51  4:55  Probe  
  51  4:58  Twilight Council  
  53  5:02  Pylon  
  53  5:05  Probe  
  54  5:08  Probe  
  54  5:09  Assimilator  
  54  5:11  Assimilator  
  55  5:17  Probe  
  55  5:20  Gateway  
  55  5:21  Probe  
  56  5:26  Charge  
  56  5:28  Pylon  
  57  5:35  Templar Archives  
  57  5:39  Probe  
  58  5:46  Gateway  
  58  5:47  Warp Prism  
  58  5:50  Probe  
  58  5:51  Probe  
  62  6:04  Gateway  
  62  6:09  Gateway  
  62  6:12  High Templar  
  62  6:13  High Templar  
  62  6:17  Sentry  
  62  6:18  Probe x2, Archon  
  70  6:33  Gateway  
  70  6:35  Pylon  
  70  6:36  Zealot  
  72  6:41  Pylon  
  72  6:44  Pylon  
  72  6:49  Zealot, High Templar x2  
  74  7:06  Zealot x2  
  74  7:07  Archon, Zealot  
  80  7:19  Robotics Bay  
  80  7:20  Probe  
  80  7:21  Observer  
  80  7:22  Probe  
  82  7:28  Pylon  
  81  7:32  Probe, Zealot x4  
  90  7:42  Pylon  
  76  7:44  Pylon  
  68  7:52  Zealot  
  68  7:53  Zealot x4  
Tags
 
Add a new tag
Caveats
  • Supply blocks, unpowered buildings, or Contaminate may cause inaccurate times.
  • Supply counts are checked every 10 seconds.